General information
- name: BNet
- type: Ladder team game (AT/RT)
- host: Battle.net
- saver: Jingle
map: FullScaleAssault
- players: 8
- length: 70:32
- speed: Fast
- version: 1.26 W3XP
- replay type: Public
» download(364 KB)
Players
team 1 (loser)

»
Iavanth (
green | 40 APM | 2801 actions | 70:30)
6 Archmage
2 Summon Water Elemental
3 Brilliance Aura
1 Mass Teleport
6 Paladin
3 Holy Light
1 Divine Shield
1 Devotion Aura
1 Resurrection
» actions
| Assign group hotkey | 22 | |
| Basic commands | 258 | |
| Build / train | 129 | |
| ESC pressed | 5 | |
| Enter build submenu | 31 | |
| Enter hero's abilities submenu | 12 | |
| Give item / drop item | 1 | |
| Remove unit from queue | 5 | |
| Right click | 791 | |
| Select / deselect | 760 | |
| Select group hotkey | 634 | |
| Use ability | 153 | |
2801 total
» units
| Peasant | 23 | |
| Priest | 10 | |
| Sorceress | 10 | |
| Spell Breaker | 8 | |
| Mortar Team | 2 | |
| Flying Machine | 13 | |
66 total
» upgrades
| Lumber Harvesting | 1 | |
| Masonry | 3 | |
| Sorceress Training | 2 | |
| Priest Training | 2 | |
| Magic Sentry | 1 | |
| Swords | 2 | |
| Plating | 2 | |
| Gunpowder | 1 | |
| Fragmentation Shards | 1 | |
| Flare | 1 | |
| Flak Cannons | 1 | |
17 total
» buildings
| Altar of Kings | 1 | |
| Farm | 16 | |
| Scout Tower | 6 | |
| Lumber Mill | 1 | |
| Arcane Tower | 2 | |
| Keep | 1 | |
| Arcane Vault | 1 | |
| Town Hall | 2 | |
| Castle | 1 | |
| Arcane Sanctum | 4 | |
| Guard Tower | 8 | |
| Blacksmith | 1 | |
| Workshop | 3 | |
47 total
» build order
00:32 Altar of Kings
00:49 Farm
00:53 Farm
01:57 Scout Tower
02:06 Lumber Mill
02:29 Arcane Tower
02:46 Keep
02:58 Farm
03:00 Farm
03:05 Arcane Vault
05:21 Town Hall
06:13 Castle
07:06 Arcane Sanctum
07:08 Arcane Sanctum
07:12 Arcane Sanctum
07:40 Arcane Sanctum
08:21 Farm
08:22 Farm
08:23 Farm
08:25 Farm
11:07 Farm
11:12 Farm
11:13 Farm
11:15 Farm
12:37 Guard Tower
12:40 Arcane Tower
12:53 Guard Tower
13:31 Farm
13:32 Farm
19:39 Town Hall
21:13 Scout Tower
21:14 Scout Tower
21:15 Scout Tower
21:16 Scout Tower
21:17 Scout Tower
21:21 Guard Tower
21:44 Guard Tower
22:10 Guard Tower
22:39 Guard Tower
22:54 Guard Tower
25:18 Guard Tower
29:35 Blacksmith
32:04 Workshop
32:07 Workshop
32:08 Workshop
47:56 Farm
69:49 Farm
» items
| Staff of Sanctuary | 2 | |
| Orb of Fire | 1 | |
| Ivory Tower | 12 | |
15 total
SillyCannibal (
purple | 44 APM | 3075 actions | 70:30)
9 Blademaster
3 Wind Walk
3 Critical Strike
1 Bladestorm
2 Mirror Image
» actions
| Assign group hotkey | 75 | |
| Basic commands | 410 | |
| Build / train | 94 | |
| Enter build submenu | 53 | |
| Enter hero's abilities submenu | 9 | |
| Give item / drop item | 3 | |
| Remove unit from queue | 1 | |
| Right click | 1082 | |
| Select / deselect | 542 | |
| Select group hotkey | 651 | |
| Use ability | 154 | |
3075 total
» units
| Peon | 14 | |
| Grunt | 5 | |
| Goblin Shredder | 3 | |
| Goblin Zeppelin | 1 | |
| Troll Batrider | 8 | |
| Wind Rider | 21 | |
52 total
» upgrades
| Ranged Weapons | 3 | |
| Reinforced Defenses | 1 | |
| Armor | 3 | |
| Liquid Fire | 1 | |
| Troll Regeneration | 1 | |
| Spiked Barricades | 1 | |
| Envenomed Spears | 1 | |
11 total
» buildings
| Altar of Storms | 1 | |
| Orc Burrow | 11 | |
| Barracks | 1 | |
| Voodoo Lounge | 1 | |
| Stronghold | 1 | |
| Great Hall | 5 | |
| War Mill | 2 | |
| Watch Tower | 39 | |
| Fortress | 1 | |
| Beastiary | 7 | |
69 total
» build order
00:36 Altar of Storms
00:44 Orc Burrow
01:02 Barracks
01:52 Orc Burrow
02:10 Voodoo Lounge
03:01 Stronghold
04:24 Orc Burrow
05:39 Great Hall
05:58 War Mill
06:01 Orc Burrow
06:22 Orc Burrow
07:35 Watch Tower
07:36 Watch Tower
07:37 Watch Tower
10:24 Fortress
10:50 Watch Tower
10:52 Watch Tower
10:53 Watch Tower
10:55 Watch Tower
10:56 Watch Tower
11:03 Beastiary
11:40 Watch Tower
11:46 Watch Tower
12:10 Beastiary
12:21 Beastiary
13:52 War Mill
20:06 Great Hall
20:29 Watch Tower
20:30 Watch Tower
20:30 Watch Tower
20:31 Watch Tower
20:48 Orc Burrow
20:49 Orc Burrow
20:49 Orc Burrow
20:50 Orc Burrow
20:51 Orc Burrow
21:23 Watch Tower
21:24 Watch Tower
21:27 Watch Tower
21:28 Watch Tower
21:31 Watch Tower
21:32 Watch Tower
21:35 Watch Tower
21:36 Watch Tower
24:55 Beastiary
24:58 Beastiary
28:58 Great Hall
29:38 Watch Tower
29:39 Watch Tower
29:39 Watch Tower
29:40 Watch Tower
29:41 Watch Tower
29:41 Watch Tower
29:42 Watch Tower
29:42 Watch Tower
29:43 Watch Tower
29:44 Watch Tower
29:45 Watch Tower
29:45 Watch Tower
30:03 Orc Burrow
31:30 Watch Tower
31:31 Watch Tower
31:31 Watch Tower
31:33 Watch Tower
33:39 Great Hall
47:48 Great Hall
54:08 Beastiary
54:09 Beastiary
» items
| Healing Salve | 1 | |
| Boots of Speed | 1 | |
| Scroll of Regeneration | 3 | |
| Potion of Mana | 2 | |
| Potion of Healing | 2 | |
| Staff of Teleportation | 2 | |
| Periapt of Vitality | 1 | |
| Scroll of Town Portal | 3 | |
| Orb of Lightning | 1 | |
| Scroll of Healing | 1 | |
17 total
pink_command (
red | 34 APM | 2410 actions | 70:30)
7 Demon Hunter
3 Immolation
3 Evasion
1 Metamorphosis
6 Priestess of the Moon
3 Trueshot Aura
2 Searing Arrows
1 Starfall
7 Keeper of the Grove
3 Entangling Roots
3 Thorns Aura
1 Tranquility
» actions
| Assign group hotkey | 35 | |
| Basic commands | 41 | |
| Build / train | 100 | |
| ESC pressed | 1 | |
| Enter build submenu | 40 | |
| Enter hero's abilities submenu | 21 | |
| Give item / drop item | 4 | |
| Remove unit from queue | 1 | |
| Right click | 975 | |
| Select / deselect | 580 | |
| Select group hotkey | 514 | |
| Use ability | 97 | |
2410 total
» units
| Wisp | 29 | |
| Archer | 7 | |
| Goblin Shredder | 1 | |
| Hippogryph | 7 | |
| Druid of the Talon | 4 | |
| Chimaera | 9 | |
| Blue Dragon | 1 | |
58 total
» upgrades
| Strength of the Wild | 3 | |
| Reinforced Hides | 3 | |
| Druid of the Talon Training | 2 | |
| Mark of the Talon | 1 | |
| Corrosive Breath | 1 | |
| Ultravision | 1 | |
| Well Spring | 1 | |
12 total
» buildings
| Altar of Elders | 4 | |
| Ancient of War | 1 | |
| Moon Well | 8 | |
| Ancient of Wonders | 1 | |
| Hunter's Hall | 1 | |
| Tree of Life | 2 | |
| Tree of Ages | 1 | |
| Ancient Protector | 13 | |
| Ancient of Wind | 3 | |
| Tree of Eternity | 1 | |
| Chimaera Roost | 2 | |
| Farm | 1 | |
38 total
» build order
00:10 Altar of Elders
00:22 Ancient of War
00:31 Moon Well
01:40 Moon Well
01:57 Ancient of Wonders
03:00 Hunter's Hall
04:33 Moon Well
05:08 Tree of Life
05:28 Tree of Ages
06:15 Ancient Protector
06:29 Ancient Protector
06:32 Ancient Protector
06:36 Ancient Protector
06:41 Ancient Protector
07:29 Ancient Protector
08:32 Ancient of Wind
08:37 Ancient of Wind
08:51 Ancient of Wind
09:30 Moon Well
09:34 Tree of Eternity
10:41 Ancient Protector
10:46 Ancient Protector
10:52 Ancient Protector
11:07 Ancient Protector
11:28 Moon Well
12:51 Chimaera Roost
13:05 Moon Well
13:57 Ancient Protector
14:01 Ancient Protector
14:04 Ancient Protector
14:32 Chimaera Roost
19:21 Moon Well
19:23 Moon Well
35:29 Altar of Elders
37:26 Altar of Elders
44:47 Altar of Elders
48:09 Tree of Life
70:21 Farm
» items
| Dust of Appearance | 1 | |
| Orb of Lightning | 1 | |
| Scroll of Town Portal | 2 | |
4 total

»
pavluchenkyo-ru (
orange | 28 APM | 1865 actions | 67:14)
6 Archmage
3 Blizzard
2 Summon Water Elemental
1 Mass Teleport
» actions
| Assign group hotkey | 10 | |
| Basic commands | 25 | |
| Build / train | 106 | |
| Enter build submenu | 43 | |
| Enter hero's abilities submenu | 6 | |
| Right click | 644 | |
| Select / deselect | 643 | |
| Select group hotkey | 304 | |
| Use ability | 84 | |
1865 total
» units
| Peasant | 18 | |
| Gryphon Rider | 5 | |
| Goblin Shredder | 1 | |
| Flying Machine | 12 | |
36 total
» upgrades
| Lumber Harvesting | 1 | |
| Masonry | 3 | |
| Swords | 3 | |
| Armor | 1 | |
| Storm Hammers | 1 | |
| Flak Cannons | 1 | |
| Flying Machine Bombs | 1 | |
| Gunpowder | 1 | |
12 total
» buildings
| Lumber Mill | 1 | |
| Farm | 14 | |
| Altar of Kings | 1 | |
| Scout Tower | 15 | |
| Guard Tower | 24 | |
| Keep | 1 | |
| Arcane Tower | 3 | |
| Gryphon Aviary | 3 | |
| Blacksmith | 2 | |
| Castle | 1 | |
| Arcane Vault | 1 | |
| Town Hall | 2 | |
| Workshop | 3 | |
71 total
» build order
00:31 Lumber Mill
01:05 Farm
01:10 Altar of Kings
01:14 Scout Tower
01:29 Farm
01:56 Farm
02:19 Farm
02:24 Scout Tower
02:42 Scout Tower
02:54 Guard Tower
03:06 Guard Tower
03:06 Guard Tower
03:10 Farm
03:12 Scout Tower
03:26 Guard Tower
03:54 Farm
04:18 Guard Tower
04:38 Farm
05:22 Scout Tower
06:17 Guard Tower
06:18 Farm
06:20 Keep
06:24 Scout Tower
06:26 Scout Tower
07:13 Arcane Tower
07:16 Scout Tower
08:41 Arcane Tower
09:27 Scout Tower
09:32 Gryphon Aviary
09:35 Gryphon Aviary
09:37 Gryphon Aviary
10:38 Guard Tower
10:41 Scout Tower
10:47 Blacksmith
10:55 Scout Tower
11:03 Castle
11:49 Guard Tower
12:15 Scout Tower
12:18 Guard Tower
12:23 Farm
12:27 Farm
12:58 Arcane Tower
13:12 Farm
14:37 Farm
20:13 Arcane Vault
20:58 Scout Tower
21:21 Guard Tower
21:21 Guard Tower
21:25 Guard Tower
21:30 Guard Tower
21:31 Guard Tower
21:34 Scout Tower
21:38 Guard Tower
22:04 Guard Tower
22:09 Guard Tower
22:25 Farm
22:54 Guard Tower
23:41 Guard Tower
24:02 Guard Tower
24:04 Guard Tower
24:48 Farm
25:09 Guard Tower
25:12 Guard Tower
25:12 Guard Tower
25:18 Scout Tower
27:15 Town Hall
36:13 Workshop
36:17 Workshop
36:27 Town Hall
37:55 Workshop
38:30 Blacksmith
» items
| Potion of Healing | 4 | |
| Scroll of Regeneration | 1 | |
| Scroll of Town Portal | 2 | |
| Ivory Tower | 13 | |
| Boots of Speed | 1 | |
| Potion of Lesser Invulnerability | 1 | |
22 total
team 2 (winner)
nowlater2 (
pink | 63 APM | 1594 actions | 25:24)
5 Mountain King
3 Storm Bolt
2 Bash
3 Paladin
2 Holy Light
1 Divine Shield
» actions
| Assign group hotkey | 36 | |
| Basic commands | 113 | |
| Build / train | 75 | |
| ESC pressed | 4 | |
| Enter build submenu | 22 | |
| Enter hero's abilities submenu | 9 | |
| Give item / drop item | 1 | |
| Right click | 427 | |
| Select / deselect | 335 | |
| Select group hotkey | 486 | |
| Use ability | 86 | |
1594 total
» units
| Peasant | 10 | |
| Footman | 8 | |
| Rifleman | 9 | |
| Knight | 11 | |
38 total
» upgrades
| Armor | 1 | |
| Long Rifles | 1 | |
| Gunpowder | 1 | |
| Animal War Training | 1 | |
| Swords | 2 | |
6 total
» buildings
| Altar of Kings | 1 | |
| Barracks | 2 | |
| Farm | 12 | |
| Arcane Vault | 1 | |
| Blacksmith | 1 | |
| Keep | 1 | |
| Lumber Mill | 1 | |
| Castle | 1 | |
| Scout Tower | 2 | |
| Guard Tower | 2 | |
| Town Hall | 1 | |
25 total
» build order
00:11 Altar of Kings
00:16 Barracks
00:30 Farm
00:37 Farm
01:53 Farm
02:27 Farm
03:50 Arcane Vault
03:53 Blacksmith
03:55 Barracks
03:58 Farm
04:08 Farm
05:29 Farm
05:30 Keep
08:22 Lumber Mill
08:23 Castle
09:28 Scout Tower
09:35 Scout Tower
09:40 Guard Tower
10:55 Guard Tower
11:07 Farm
11:07 Farm
11:09 Farm
12:33 Farm
21:28 Town Hall
» items
| Scroll of Regeneration | 3 | |
| Lesser Clarity Potion | 3 | |
| Scroll of Town Portal | 2 | |
| Orb of Fire | 1 | |
| Potion of Healing | 1 | |
10 total
Jingle (
blue | 57 APM | 4038 actions | 70:32)
8 Archmage
3 Blizzard
3 Brilliance Aura
1 Mass Teleport
1 Summon Water Elemental
2 Goblin Alchemist
1 Acid Bomb
1 Healing Spray
» actions
| Assign group hotkey | 128 | |
| Basic commands | 69 | |
| Build / train | 190 | |
| Enter build submenu | 98 | |
| Enter hero's abilities submenu | 10 | |
| Give item / drop item | 8 | |
| Remove unit from queue | 2 | |
| Right click | 1613 | |
| Select / deselect | 975 | |
| Select group hotkey | 774 | |
| Use ability | 170 | |
4038 total
» units
| Peasant | 13 | |
| Footman | 6 | |
| Goblin Shredder | 2 | |
| Gryphon Rider | 29 | |
| Flying Machine | 14 | |
| Dragonhawk Rider | 3 | |
| Goblin Zeppelin | 1 | |
| Blue Dragon | 2 | |
| Knight | 2 | |
72 total
» upgrades
| Masonry | 3 | |
| Swords | 4 | |
| Lumber Harvesting | 2 | |
| Armor | 3 | |
| Storm Hammers | 1 | |
| Backpack | 1 | |
| Animal War Training | 1 | |
| Magic Sentry | 1 | |
| Cloud | 1 | |
| Sorceress Training | 2 | |
| Gunpowder | 3 | |
| Flak Cannons | 1 | |
| Flying Machine Bombs | 1 | |
| Plating | 3 | |
| Barrage | 1 | |
| Fragmentation Shards | 1 | |
| Flare | 1 | |
| Long Rifles | 1 | |
| Defend | 1 | |
| Priest Training | 2 | |
| Control Magic | 1 | |
35 total
» buildings
| Altar of Kings | 3 | |
| Farm | 13 | |
| Barracks | 1 | |
| Lumber Mill | 2 | |
| Arcane Vault | 2 | |
| Keep | 2 | |
| Blacksmith | 2 | |
| Town Hall | 4 | |
| Scout Tower | 64 | |
| Castle | 2 | |
| Guard Tower | 46 | |
| Gryphon Aviary | 4 | |
| Workshop | 3 | |
| Arcane Sanctum | 1 | |
| Cannon Tower | 1 | |
150 total
» build order
00:04 Altar of Kings
00:06 Farm
00:15 Barracks
01:05 Farm
01:46 Farm
02:36 Lumber Mill
02:58 Arcane Vault
03:53 Keep
04:28 Blacksmith
06:11 Town Hall
07:10 Farm
07:46 Scout Tower
08:16 Castle
08:24 Guard Tower
08:28 Scout Tower
08:30 Scout Tower
08:31 Scout Tower
08:44 Gryphon Aviary
09:14 Guard Tower
09:30 Guard Tower
10:16 Gryphon Aviary
11:56 Guard Tower
12:44 Farm
12:49 Farm
13:32 Farm
14:00 Scout Tower
14:01 Scout Tower
14:02 Scout Tower
14:03 Scout Tower
14:38 Guard Tower
14:44 Farm
14:59 Guard Tower
15:38 Guard Tower
15:50 Guard Tower
16:00 Farm
17:17 Farm
17:21 Farm
19:49 Workshop
19:54 Arcane Sanctum
20:06 Scout Tower
20:07 Scout Tower
20:09 Scout Tower
20:10 Scout Tower
20:35 Farm
20:39 Farm
20:42 Guard Tower
20:42 Guard Tower
20:46 Scout Tower
20:47 Scout Tower
20:49 Scout Tower
20:50 Scout Tower
21:16 Guard Tower
21:17 Guard Tower
21:17 Guard Tower
21:21 Scout Tower
21:24 Scout Tower
21:25 Scout Tower
21:27 Scout Tower
21:40 Scout Tower
21:42 Scout Tower
21:46 Scout Tower
21:47 Scout Tower
21:51 Scout Tower
21:52 Scout Tower
22:00 Guard Tower
22:05 Scout Tower
22:09 Scout Tower
22:10 Scout Tower
22:11 Scout Tower
22:18 Scout Tower
22:37 Guard Tower
22:41 Guard Tower
22:41 Guard Tower
22:48 Guard Tower
22:53 Town Hall
23:11 Guard Tower
23:45 Guard Tower
24:09 Guard Tower
24:18 Arcane Vault
24:29 Scout Tower
24:31 Scout Tower
24:34 Scout Tower
24:41 Guard Tower
24:50 Scout Tower
24:55 Scout Tower
25:00 Scout Tower
25:03 Guard Tower
25:08 Guard Tower
25:34 Guard Tower
25:41 Guard Tower
25:51 Keep
28:48 Workshop
28:48 Workshop
29:04 Castle
29:37 Scout Tower
29:38 Scout Tower
29:39 Scout Tower
29:41 Scout Tower
29:42 Scout Tower
29:48 Scout Tower
30:09 Blacksmith
30:11 Guard Tower
30:11 Guard Tower
30:12 Guard Tower
30:17 Guard Tower
30:19 Lumber Mill
30:38 Scout Tower
30:46 Scout Tower
30:48 Scout Tower
31:30 Guard Tower
31:30 Guard Tower
31:33 Gryphon Aviary
31:35 Gryphon Aviary
31:47 Scout Tower
31:50 Scout Tower
32:14 Guard Tower
32:18 Guard Tower
32:31 Scout Tower
33:06 Guard Tower
33:09 Scout Tower
33:46 Guard Tower
34:47 Altar of Kings
39:05 Town Hall
40:40 Scout Tower
40:41 Scout Tower
41:11 Scout Tower
41:14 Scout Tower
41:27 Guard Tower
41:32 Guard Tower
41:49 Guard Tower
41:56 Scout Tower
41:58 Scout Tower
42:07 Scout Tower
42:08 Scout Tower
42:14 Scout Tower
42:37 Guard Tower
42:49 Guard Tower
43:04 Guard Tower
45:37 Scout Tower
45:39 Scout Tower
46:01 Scout Tower
46:03 Scout Tower
46:20 Guard Tower
48:03 Cannon Tower
52:26 Town Hall
54:35 Scout Tower
58:21 Guard Tower
58:35 Altar of Kings
» items
| Scroll of Regeneration | 7 | |
| Boots of Speed | 2 | |
| Staff of Teleportation | 1 | |
| Scroll of Town Portal | 2 | |
| Orb of Fire | 1 | |
| Lesser Clarity Potion | 1 | |
| Potion of Healing | 1 | |
| Periapt of Vitality | 1 | |
16 total
Orcmasters (
teal | 40 APM | 1118 actions | 27:47)
3 Blademaster
2 Wind Walk
1 Critical Strike
4 Shadow Hunter
2 Healing Wave
1 Serpent Ward
1 Hex
» actions
| Assign group hotkey | 10 | |
| Basic commands | 20 | |
| Build / train | 92 | |
| Enter build submenu | 11 | |
| Enter hero's abilities submenu | 8 | |
| Give item / drop item | 3 | |
| Right click | 626 | |
| Select / deselect | 219 | |
| Select group hotkey | 63 | |
| Use ability | 66 | |
1118 total
» units
| Peon | 7 | |
| Grunt | 6 | |
| Troll Headhunter/Berserker | 33 | |
| Troll Witch Doctor | 18 | |
64 total
» upgrades
| Armor | 3 | |
| Melee Weapons | 1 | |
| Ranged Weapons | 3 | |
| Witch Doctor Training | 2 | |
| Troll Regeneration | 1 | |
| Berserker Upgrade | 1 | |
11 total
» buildings
| Orc Burrow | 6 | |
| Altar of Storms | 1 | |
| Barracks | 1 | |
| War Mill | 1 | |
| Voodoo Lounge | 1 | |
| Stronghold | 1 | |
| Spirit Lodge | 1 | |
| Fortress | 1 | |
13 total
» build order
00:21 Orc Burrow
00:26 Altar of Storms
00:57 Barracks
01:18 War Mill
01:39 Orc Burrow
02:10 Voodoo Lounge
02:58 Orc Burrow
04:21 Stronghold
05:48 Orc Burrow
07:55 Spirit Lodge
09:09 Fortress
09:24 Orc Burrow
12:37 Orc Burrow
» items
| Staff of Teleportation | 1 | |
| Healing Salve | 2 | |
| Lesser Clarity Potion | 2 | |
| Orb of Lightning | 1 | |
6 total
C0BRA_187 (
yellow | 82 APM | 2318 actions | 28:21)
5 Blademaster
3 Critical Strike
2 Wind Walk
4 Shadow Hunter
2 Healing Wave
2 Hex
» actions
| Assign group hotkey | 28 | |
| Build / train | 105 | |
| Enter build submenu | 33 | |
| Enter hero's abilities submenu | 9 | |
| Give item / drop item | 3 | |
| Right click | 1016 | |
| Select / deselect | 479 | |
| Select group hotkey | 547 | |
| Use ability | 98 | |
2318 total
» units
| Peon | 11 | |
| Grunt | 4 | |
| Goblin Shredder | 4 | |
| Wind Rider | 8 | |
| Goblin Zeppelin | 1 | |
| Blue Dragon Whelp | 1 | |
| Blue Drake | 1 | |
| Shaman | 7 | |
| Raider | 8 | |
| Rifleman | 3 | |
48 total
» upgrades
| Armor | 3 | |
| Ranged Weapons | 3 | |
| Shaman Training | 2 | |
| Envenomed Spears | 1 | |
| Pillage | 1 | |
| Spiked Barricades | 1 | |
| Ensnare | 1 | |
| Melee Weapons | 1 | |
| Gunpowder | 1 | |
14 total
» buildings
| Orc Burrow | 8 | |
| Barracks | 2 | |
| Altar of Storms | 1 | |
| Stronghold | 1 | |
| War Mill | 1 | |
| Great Hall | 5 | |
| Beastiary | 2 | |
| Spirit Lodge | 1 | |
| Fortress | 3 | |
| Watch Tower | 5 | |
29 total
» build order
00:41 Orc Burrow
01:04 Barracks
01:27 Altar of Storms
01:36 Orc Burrow
02:06 Orc Burrow
03:02 Stronghold
03:35 War Mill
04:55 Great Hall
05:03 Great Hall
05:41 Beastiary
06:11 Beastiary
07:48 Orc Burrow
08:30 Spirit Lodge
09:04 Fortress
09:04 Fortress
09:05 Fortress
11:01 Orc Burrow
12:51 Orc Burrow
13:46 Orc Burrow
14:26 Orc Burrow
20:52 Great Hall
22:01 Great Hall
24:46 Watch Tower
24:49 Watch Tower
24:52 Watch Tower
25:04 Great Hall
25:07 Watch Tower
25:10 Watch Tower
27:06 Barracks
» items
| Scroll of Town Portal | 4 | |
| Orb of Lightning | 1 | |
5 total
Chat log
(00:08 / All) nowlater2: RAPED
(00:09 / All) nowlater2: ANAL
(00:26 / All) nowlater2: felt that bitches huge tits niga
(00:38 / All) pink_command: i dont lose on this map
(00:39 / All) Jingle: Huge tits niga? weird
(00:42 / All) nowlater2: I do so u won
(00:44 / All) nowlater2: ROFLLL
(00:52 / All) nowlater2: yeah she was black getg it
(00:53 / All) nowlater2: AWHAWHAWHA
(00:59 / All) nowlater2: BIG
(00:59 / All) nowlater2: TITS
(00:59 / All) nowlater2: R
(01:00 / All) nowlater2: SO
(01:00 / All) Jingle: Red you are 194-214, of course you do
(01:00 / All) nowlater2: FUN
(01:00 / All) nowlater2: SON
(01:01 / All) nowlater2: LOL
(01:01 / All) nowlater2: DIE
(01:01 / All) nowlater2: ASAP
(01:02 / All) nowlater2: U
(01:02 / All) nowlater2: SO
(01:03 / All) nowlater2: DUMB
(01:04 / All) nowlater2: LOL
(01:05 / All) nowlater2: ROFL
(01:06 / All) nowlater2: 214 LOSES
(01:09 / All) nowlater2: WHAT A FUKIN FAYYYYYGIT
(01:10 / All) nowlater2: LOOLOLOLOLOLOLOLOL
(01:17 / All) pavluchenkyo-ru: stfu nigger
(01:17 / All) pink_command: did smoke?
(01:28 / All) Jingle: Pink likes meth
(01:43 / All) pavluchenkyo-ru: meth is shit u nub
(01:47 / All) pavluchenkyo-ru: meph is good
(01:51 / All) Jingle: Mephisto?
(01:54 / All) Jingle: He gives good drops
(02:02 / All) pavluchenkyo-ru: mephedrone u kid
(02:26 / All) SillyCannibal: Mephistoles
(02:37 / All) pavluchenkyo-ru: kid never heard
(02:50 / All) pavluchenkyo-ru: ask ur slutty mom
(02:51 / All) SillyCannibal: never heard what
(03:00 / All) pavluchenkyo-ru: she should know shit
(03:30 / All) SillyCannibal: Meth's the #1 white trash drug in the US
(03:35 / All) nowlater2: ROFL
(03:41 / All) pavluchenkyo-ru: meth is shit u nub
(03:47 / All) pavluchenkyo-ru: meph is good
(03:48 / All) nowlater2: imasterbated for 8 hours
(04:00 / All) pavluchenkyo-ru: meth burns ur brain u nub
(04:24 / Allies) nowlater2: can i xpohere if u help me clearit
(04:25 / All) pavluchenkyo-ru: fucking american ignorant
(04:26 / Allies) nowlater2: after
(04:26 / Allies) nowlater2: that
(04:30 / All) nowlater2: im an
(04:32 / All) nowlater2: fat american igornat cunt
(04:35 / All) nowlater2: i slap my x wife still
(04:38 / All) nowlater2: shes a bitch and desreves it
(04:39 / All) nowlater2: i desreve to die
(04:45 / All) nowlater2: im a cunt too
(04:47 / All) nowlater2: abusive 24.7
(04:48 / All) pavluchenkyo-ru: stfu
(04:51 / Allies) Jingle: I'll expo here
(04:57 / Allies) nowlater2: k..
(05:01 / Allies) nowlater2: ill take this 1 then
(05:02 / All) pavluchenkyo-ru: didnt allow u to open ur mouth
(05:09 / Allies) nowlater2: shit
(05:11 / Allies) nowlater2: lol none left
(05:17 / Allies) nowlater2: i tkae that
(05:23 / Allies) nowlater2: how do i get
(05:23 / Allies) nowlater2: in there lol
(05:26 / Allies) nowlater2: airship thing right
(07:12 / All) SillyCannibal: Fucking great
(07:15 / All) SillyCannibal: I had to get red on my team
(07:18 / All) nowlater2: ROFL
(07:18 / All) nowlater2: ROFL
(07:19 / All) nowlater2: ROFL
(07:19 / All) nowlater2: ROFL
(07:19 / All) nowlater2: ROFL
(07:20 / All) nowlater2: ROFL
(07:20 / All) nowlater2: ROFL
(07:21 / All) nowlater2: RAPED
(07:21 / All) nowlater2: SON
(07:24 / All) SillyCannibal: Fucks me up
(07:27 / All) nowlater2: Well they have me
(07:29 / All) SillyCannibal: clears and takes the things I want to do
(07:29 / All) nowlater2: and im just as fucking gay
(07:39 / All) nowlater2: 24.7 self banana dildo anal
(07:49 / All) pavluchenkyo-ru: Dude get a life
(08:05 / Allies) Jingle: wood please
(08:14 / Allies) nowlater2: there
(08:17 / Allies) Jingle: ty
(08:36 / All) nowlater2: str
(08:38 / Allies) nowlater2: 4 me?
(08:42 / Allies) nowlater2: wow
(08:42 / Allies) nowlater2: lol
(09:12 / Allies) nowlater2: smash bm
(09:24 / Allies) nowlater2: arped him
(11:51 / Allies) Orcmasters: tower nub
(11:59 / Allies) nowlater2: brt
(12:44 / Allies) nowlater2: wana hit
(12:52 / Allies) nowlater2: ill be at mid any sec
(12:54 / Allies) nowlater2: shit
(12:56 / Allies) nowlater2: did i need castle
(12:57 / Allies) nowlater2: for knights
(13:00 / Allies) nowlater2: or just keep
(13:00 / Allies) nowlater2: lol
(14:19 / Allies) nowlater2: uhhh
(14:19 / Allies) nowlater2: now what
(14:22 / Allies) nowlater2: all meet with him
(14:24 / Allies) nowlater2: n go hit?
(15:01 / Allies) Jingle: go
(15:22 / All) nowlater2: fagott nigger.
(15:50 / Allies) nowlater2: eal my mk
(16:28 / Allies) nowlater2: heal my pally when his shits out
(17:04 / All) nowlater2: what a GOOD FIGHT
(17:12 / All) pavluchenkyo-ru: stfu nub
(17:31 / All) Jingle: you were raped oj, get over it
(17:57 / Allies) nowlater2: dh now
(17:58 / Allies) nowlater2: its dead
(17:59 / All) nowlater2: DEMON
(18:00 / All) nowlater2: HUNTER
(18:01 / All) nowlater2: RAPED
(18:03 / All) pavluchenkyo-ru: shit happens
(18:03 / All) nowlater2: LWEAWHAWHAWL
(18:11 / All) nowlater2: shit does happen
(18:13 / All) nowlater2: Look at ur face
(18:16 / All) nowlater2: SEWLAWHAWHAWHAWHAWL
(18:21 / All) pavluchenkyo-ru: stfu nigger
(18:23 / All) nowlater2: ROFL
(18:24 / All) nowlater2: RAPED
(18:24 / All) nowlater2: AND NOW MAD
(18:33 / All) pavluchenkyo-ru: u suck at warcraft and at life
(18:39 / All) pavluchenkyo-ru: lol mad
(18:45 / All) Jingle: you are 6-15, stfu
(18:47 / All) pavluchenkyo-ru: he thinks i give a fuck about video game
(18:54 / All) pavluchenkyo-ru: what a loser
(19:01 / All) pavluchenkyo-ru: complete nerd
(19:07 / All) nowlater2: FUIKIN FAYIGT LOL
(19:09 / All) Jingle: u mad rustrash?
(20:05 / All) pavluchenkyo-ru: typicall words of american ignorant
(20:12 / All) nowlater2: ROFL
(20:14 / All) Jingle: I am not American rustrash
(20:16 / All) nowlater2: SO TRUE
(20:21 / All) Jingle: I am Scottish-Canadian you clown
(20:28 / All) nowlater2: ROFL
(20:30 / All) nowlater2: THATS EVEN WORSE
(20:31 / All) pavluchenkyo-ru: say somethi9ng new u faggot
(20:47 / All) pavluchenkyo-ru: scotish-canadian its worse than american
(20:53 / Allies) nowlater2: mine
(20:54 / All) Jingle: k cool
(21:14 / All) nowlater2: i lost
(21:17 / Allies) nowlater2: we gata go hit rite now
(22:21 / Allies) nowlater2: gogo
(22:48 / Allies) nowlater2: go in or what..?
(23:15 / Allies) nowlater2: micro
(23:17 / Allies) nowlater2: ur docters back
(23:25 / Allies) nowlater2: nice
(23:33 / All) pavluchenkyo-ru: gotta kick ur american asses before ill go to sleep
(23:48 / All) nowlater2: BEH
(23:49 / All) nowlater2: BYE MAGE
(23:49 / All) nowlater2: LOL
(24:16 / Allies) Jingle: b
(25:29 / All) pavluchenkyo-ru: lol
(25:31 / All) pavluchenkyo-ru: nub shit
(25:55 / All) pink_command: anal rape
(26:22 / All) Jingle: You sound very confident of your victory red
(26:25 / All) Jingle: But you lost from the start
(26:34 / All) pavluchenkyo-ru: you sound like an american loser
(27:51 / All) Iavanth: we win
(27:54 / Allies) Jingle: dont' leave moron
(27:59 / All) pavluchenkyo-ru: leave nub
(28:02 / All) pink_command: anal rape partII
(28:02 / All) Jingle: you lost, out
(28:12 / All) pavluchenkyo-ru: its fucking night in europe
(28:17 / All) pavluchenkyo-ru: wanna sleep
(28:23 / All) Iavanth: BAAAAA
(28:25 / All) Jingle: then leave, you lost faggot
(28:26 / All) Iavanth: say it with me blue
(28:27 / All) Iavanth: BAAAA
(29:59 / All) pink_command: now, anal rape part III
(30:04 / All) Jingle: out, you lost
(30:11 / All) pavluchenkyo-ru: he mad now
(30:14 / All) Jingle: out
(32:12 / All) Jingle: ty for giving me time to tower
(34:30 / All) pavluchenkyo-ru: lol u really nub think u may win??
(34:33 / All) Jingle: out
(34:58 / All) Jingle: out
(35:12 / All) Jingle: out
(35:13 / All) Jingle: leave pls
(35:23 / All) pavluchenkyo-ru: Stupid nub
(35:54 / All) Jingle: get the fuck out, you negros lost
(35:55 / All) Jingle: out
(36:01 / All) Jingle: stop wasting your time, you are awful
(37:09 / All) SillyCannibal: Orange expo on your sie below top expo
(40:40 / All) pavluchenkyo-ru: lol fucker
(40:45 / All) Jingle: leave, you lost
(40:50 / All) pavluchenkyo-ru: we have a backstabber
(40:53 / All) Jingle: raped son
(41:37 / All) pavluchenkyo-ru: haha what a fucker
(41:41 / All) Jingle: you mad?
(42:29 / All) Jingle: I think you might be mad, oj
(42:32 / All) SillyCannibal: heh
(42:35 / All) SillyCannibal: he sacrificed his hero
(42:37 / All) pavluchenkyo-ru: im not dude
(42:39 / All) SillyCannibal: to kill a single low health wyvern
(42:43 / All) pavluchenkyo-ru: look at my stats
(42:48 / All) Jingle: Great trade, very cost effective
(42:48 / All) pavluchenkyo-ru: why the fuck should i
(42:59 / All) Jingle: You're right, you're awful. No chance of recovery anyway
(43:10 / All) pavluchenkyo-ru: and half of game i was afk
(43:12 / All) pavluchenkyo-ru: hahaha
(43:16 / All) Jingle: Oh, sure
(43:27 / All) pavluchenkyo-ru: fucker i got 4k gold
(43:33 / All) Jingle: Cool
(43:56 / All) pavluchenkyo-ru: thanks god this shit never happens on european server
(44:04 / All) Jingle: Kill yourself eurotrash
(44:29 / All) Jingle: Is Russia a nice 3rd world country to live in?
(44:54 / All) SillyCannibal: Red isn't giving up
(45:00 / All) Jingle: He must care about his w/l
(45:12 / All) pavluchenkyo-ru: whats w/l?
(45:13 / All) SillyCannibal: he's moving his tree lawl
(45:18 / All) Jingle: Win/loss Russian retard
(45:40 / All) Iavanth: why the fuck is purple so mad lol
(45:54 / All) Jingle: He mad because he raping you bad
(46:02 / All) Iavanth: that makes sense
(46:14 / All) Jingle: You lost 6v2, how does this make you feel?
(46:26 / All) Iavanth: just a game :D
(46:34 / All) pavluchenkyo-ru: blue u bsed pink?
(46:40 / All) Iavanth: this stuff happens all the time coolkid
(46:43 / All) Jingle: Green you are 162-156, you are obviously very serious about WC3
(46:49 / All) Iavanth: VERY
(46:50 / All) Jingle: No I didn't oj, my team ragequitted
(46:52 / All) Iavanth: YOU HAVE NO FUCKING IDEA
(47:03 / All) Jingle: I know right?
(47:30 / All) pavluchenkyo-ru: this could only happen on this server
(47:39 / All) Jingle: I have played on Northrend, eurotrash is awful
(47:44 / All) pavluchenkyo-ru: never seen that shit on european server
(47:55 / All) Jingle: Because your ELL is probably too low there since you suck cock
(48:26 / All) pavluchenkyo-ru: is purple ur friend?
(48:34 / All) Jingle: Yes
(48:40 / All) SillyCannibal: "come asshole" - red
(48:51 / All) SillyCannibal: Alright shooter
(48:54 / All) Jingle: Omw
(48:57 / All) SillyCannibal: You done gone and earned yourself a fight
(50:15 / All) pavluchenkyo-ru: stupid niggers
(50:19 / All) pavluchenkyo-ru: lol
(50:22 / All) Jingle: You sound very racist, oj
(50:30 / All) Jingle: Nigger this, American that
(50:34 / All) pavluchenkyo-ru: stop calling me oj retard
(50:41 / All) Jingle: Are you mad, oj?
(50:53 / All) pavluchenkyo-ru: why should i
(51:02 / All) pavluchenkyo-ru: shame red and green
(51:03 / All) Jingle: Bad English, no wonder you play on Northrend
(51:24 / All) pavluchenkyo-ru: good english idiot
(51:33 / All) Jingle: I am not an Englishman
(51:35 / All) Jingle: Commas are good
(51:37 / All) pavluchenkyo-ru: my level in english is high
(51:41 / All) Jingle: lol
(51:55 / All) Jingle: Maybe in Russia, you're all uneducated morons there
(52:50 / All) pavluchenkyo-ru: green and red dont waste ur time
(52:57 / All) Jingle: Yeah, you niggers lost
(53:08 / All) SillyCannibal: Give me some gold guys
(53:31 / All) pavluchenkyo-ru: my bad i didnt saw his level
(53:32 / All) Jingle: Hey Russian, I will give you this win
(53:37 / All) Jingle: if you can name every president of the USA
(53:40 / All) pavluchenkyo-ru: no i dont want
(53:44 / All) pavluchenkyo-ru: fuck u
(53:48 / All) pavluchenkyo-ru: id rather to eat shit
(54:04 / All) Jingle: I hear shit is a delicacy to eat there
(54:10 / All) pavluchenkyo-ru: its called honour u piece of shit yank
(54:16 / All) Jingle: You mad?
(54:38 / All) pink_command: he is retard
(54:48 / All) Jingle: *He is a retard.
(54:54 / All) Jingle: A retard that has better English, apparently.
(55:00 / All) pavluchenkyo-ru: good point dude
(55:03 / All) SillyCannibal: You call shit "honor" in russia?
(55:06 / All) SillyCannibal: well
(55:08 / All) SillyCannibal: and you eat it?
(55:09 / All) SillyCannibal: well
(55:10 / All) SillyCannibal: I see
(55:24 / All) pavluchenkyo-ru: i have a problem in english with "the" and "a"
(55:25 / All) SillyCannibal: that's odd
(55:26 / All) Jingle: Russians had lot of honour in the 1970s, I hear. The USSR was very honourable
(56:04 / All) SillyCannibal: It's pretty funny they kept sending stuff at me
(56:09 / All) Jingle: Start killing your stuff Turncoat? Doesn't look like these plebs are going to leave
(56:09 / All) SillyCannibal: I could just keep pumping units
(56:18 / All) Jingle: They could leave and get a tie, but they want a loss instead
(56:18 / All) SillyCannibal: They remarked on my gold and asked for some earlier
(56:22 / All) Jingle: lol
(56:26 / All) pavluchenkyo-ru: dude hard english
(56:39 / All) Jingle: I don't work with animals. Borous, translate.
(56:46 / All) pavluchenkyo-ru: dont wanna use google translator
(57:14 / All) SillyCannibal: scroyle get you gone, back to mother russia with your lot
(57:49 / All) SillyCannibal: Orange do you read any English books?
(57:56 / All) pavluchenkyo-ru: no its hard
(58:08 / All) Jingle: Russians are illiterate, so he is unable.
(58:12 / All) SillyCannibal: That's how you will improve your English
(58:38 / All) SillyCannibal: Get books that have been translated from Russian to English
(58:42 / All) SillyCannibal: so you can compare
(59:16 / All) pavluchenkyo-ru: good idea
(59:45 / All) SillyCannibal: Gogol's overcoat is short
(59:55 / All) pavluchenkyo-ru: im not bad in english, aint i?
(59:59 / All) Jingle: "Aint"
(60:00 / All) SillyCannibal: Not too bad
(60:04 / All) Jingle: Your inner American is standing out.
(60:08 / All) SillyCannibal: I use the word ain't all the time
(60:13 / All) Jingle: Ain't that the truth
(60:24 / All) pavluchenkyo-ru: so am i?
(60:37 / All) SillyCannibal: should be, "am I?" earlier anyway, not ain't or aren't
(60:51 / All) SillyCannibal: You're English is fine
(60:55 / All) SillyCannibal: Your*
(61:06 / All) pavluchenkyo-ru: nice to hear that
(61:11 / All) pavluchenkyo-ru: i hope ur not lying
(61:16 / All) Jingle: lol
(61:44 / All) SillyCannibal: Read books with russian and english side by side
(61:51 / All) SillyCannibal: and watch films in English with Russian dub
(62:05 / All) SillyCannibal: I recommend Dr. Strangelove and "Moon"
(62:12 / All) SillyCannibal: and 12 Monkeys
(62:16 / All) SillyCannibal: and Aline
(62:19 / All) SillyCannibal: Alien
(62:23 / All) Jingle: 12 monkeys? Is that about Russians?
(62:28 / All) SillyCannibal: lol
(62:38 / All) SillyCannibal: I like Russians though
(62:49 / All) pink_command: blue is also a retard
(62:54 / All) Jingle: Mad?
(63:10 / All) pavluchenkyo-ru: im happy cuz purple said my english is fine
(63:13 / All) SillyCannibal: I like the russian skinhead beheading videos
(64:34 / All) SillyCannibal: I don't think there are any good Russian films though
(64:41 / All) Jingle: They don't exist
(64:44 / All) pavluchenkyo-ru: they are
(64:45 / All) SillyCannibal: The movie "underworld" I think it is called just didn't do it for me
(65:22 / All) pavluchenkyo-ru: i think americans dont like to watch movies from other country than usa
(65:34 / All) SillyCannibal: Not so
(65:35 / All) Jingle: I wouldn't know, I'm not American
(65:48 / All) pavluchenkyo-ru: but u live in states
(65:51 / All) SillyCannibal: I've seen quite a few
(65:54 / All) Jingle: No I don't
(65:55 / All) SillyCannibal: Just most of them aren't too good
(65:57 / All) Jingle: Where did you get that idea?
(66:01 / All) SillyCannibal: I even like some Jap movies
(66:04 / All) SillyCannibal: Like "Ran"
(66:09 / All) SillyCannibal: and "Battle Royale"
(66:10 / All) pavluchenkyo-ru: godzilla lol
(66:14 / All) SillyCannibal: but I hated "Seven Samurai"
(66:17 / All) SillyCannibal: same director as Ran
(66:32 / All) SillyCannibal: I understand it's influential though
(66:36 / All) pavluchenkyo-ru: lol saw pinks hero
(66:42 / All) Jingle: I resurrected it
(66:44 / All) Jingle: For the items
(66:55 / All) SillyCannibal: it's a Western adaptation
(67:05 / All) pavluchenkyo-ru: ok piece idiots
(67:07 / All) pavluchenkyo-ru: :)
(67:09 / All) SillyCannibal: peace
(67:10 / All) Jingle: Bye
(67:29 / All) SillyCannibal: I don't think he'll take my suggestions to heart
(67:36 / All) Jingle: Probably not
(67:40 / All) Jingle: Was likely just playing along
(67:45 / All) Jingle: Red, are you here?
(67:49 / All) SillyCannibal: Dr. Strangelove is the greatest movie though
(68:04 / All) Jingle: Never seen it
(68:06 / All) SillyCannibal: lol
(68:06 / All) Jingle: Heard of it though
(68:08 / All) SillyCannibal: green has a farm
(68:11 / All) SillyCannibal: on your side
(68:14 / All) Jingle: Where?
(68:16 / All) Jingle: Oh
(68:22 / All) SillyCannibal: north of it in the trees
(68:22 / All) Jingle: I'll mass TP after these wells
(68:40 / All) SillyCannibal: Have you seen Moon?
(68:48 / All) Jingle: No, is it a gay vampire movie?
(68:54 / All) SillyCannibal: No, no!
(69:01 / All) SillyCannibal: It's a movie that takes place on the moon
(69:08 / All) Jingle: Thank God
(69:13 / All) SillyCannibal: Has basically a single actor in the vast majority of the flick
(69:16 / All) SillyCannibal: no nigs at all
(69:17 / All) SillyCannibal: greatm ovie
(69:27 / All) Jingle: Red, are you here?
(69:33 / All) SillyCannibal: last buidling
(69:40 / All) Jingle: Any parting words, red?
(69:59 / All) Jingle: He's probably AFK
(70:13 / All) Jingle: I'll kill the farm, then. I liked this stab. We beat them despite their giant army because they sucked.
(70:21 / All) SillyCannibal: lawl